 Dungeon Crawl Stone Soup version 0.25-a0-670-g50981ef59b (webtiles) character file.

Game seed: 8611899269433936373, levelgen mode: deterministic

70 Error4North the Magician (level 4, -2/35 HPs)
             Began as a Draconian Wizard on Mar 29, 2020.
             Killed from afar by an orc wizard (7 damage)
             ... with a magic dart
             ... on level 2 of the Dungeon.
             The game lasted 00:13:44 (2300 turns).

Error4North the Magician (Draconian Wizard)         Turns: 2300, Time: 00:13:44

Health: -2/35      AC:  5    Str:  9    XL:     4   Next: 4%
Magic:  3/9        EV: 12    Int: 19    God:
Gold:   83         SH:  0    Dex: 10    Spells: 3/10 levels left

rFire    . . .     SeeInvis .     - Unarmed
rCold    . . .     Gourm    .   (no shield)
rNeg     . . .     Faith    .   (armour unavailable)
rPois    .         Spirit   .   a - +0 hat
rElec    .         Reflect  .   (no cloak)
rCorr    .         Harm     .   (no gloves)
MR       .....                  (no boots)
Stlth    ++........             (no amulet)
HPRegen  0.11/turn              (no ring)
MPRegen  0.11/turn              (no ring)

@: very slightly contaminated
A: unfitting armour, cold-blooded, AC +5
a: no special abilities


You were on level 2 of the Dungeon.
You were hungry.

You visited 1 branch of the dungeon, and saw 2 of its levels.

You collected 83 gold pieces.

Inventory:

Missiles
 h - 65 stones (quivered)
Armour
 a - a +0 hat (worn)
Jewellery
 u - a +2 ring of evasion {unknown}
Scrolls
 b - a scroll of magic mapping {unknown}
 d - 4 scrolls of identify {unknown}
 g - 3 scrolls of amnesia {unknown}
 j - 2 scrolls of teleportation {unknown}
 k - 3 scrolls of remove curse {unknown}
 o - a scroll of fear {unknown}
 p - a scroll of fog {unknown}
 r - a scroll of blinking {unknown}
 t - 2 scrolls of enchant armour {unknown}
Potions
 f - a potion of degeneration {unknown}
 i - a potion of haste
 l - a potion of lignification {unknown}
 m - a potion of curing
 n - a potion of resistance {unknown}
 s - a potion of ambrosia {unknown}
Comestibles
 c - 3 rations
 q - 2 chunks of flesh


   Skills:
 * Level 1.2 Fighting
 + Level 1.9 Dodging
 + Level 2.3 Stealth
 * Level 1.6 Unarmed Combat
 + Level 3.5 Spellcasting
 + Level 1.0 Conjurations
 + Level 1.5 Summonings
 + Level 1.0 Translocations


You had 3 spell levels left.
You knew the following spells:

 Your Spells              Type           Power        Failure   Level  Hunger
a - Magic Dart            Conj           #...         10%         1    None
b - Blink                 Tloc           N/A          14%         2    ##.....
c - Call Imp              Summ           #.......     12%         2    ##.....
d - Slow                  Hex            #.......     22%         2    ##.....

Your spell library contained the following spells:

 Spells                   Type           Power        Failure   Level  Hunger
 Conjure Flame            Conj/Fire      #.......     34%         3    ###....
 Mephitic Cloud           Conj/Pois/Air  #.......     36%         3    ###....


Dungeon Overview and Level Annotations

Branches:
Dungeon (2/15)

Altars:
Gozag
Makhleb
Ru
Wu Jian
Yredelemnul
The Shining One


Innate Abilities, Weirdness & Mutations

Your plain brown scales are hard. (AC +5)
You cannot fit into any form of body armour.
You are cold-blooded and may be slowed by cold attacks.


Message History

A beastly little devil appears in a puff of flame.
Your crimson imp disappears in a puff of smoke!
The orc wizard hits you with a +0 dagger.
* * * LOW HITPOINT WARNING * * *
Your crimson imp misses the orc wizard.
You swap places.
Your crimson imp blinks!
The orc wizard closely misses you.
Your crimson imp barely misses the orc wizard.
Casting: Call Imp (safe; 12% risk of failure)
Confirm with . or Enter, or press ? or * to list all spells.
You miscast Call Imp.
You are very lightly contaminated with residual magic.
The world appears momentarily distorted.
Your crimson imp disappears in a puff of smoke!
The orc wizard gestures wildly while chanting.
The orc wizard blinks!
The orc wizard points at you and mumbles some strange words.
The magic dart hits you!
You die...

#...................#
#.#.
#>...............####
#.#. ############'###.#
#.#. #...#.###.######.#.
#.o.#>.............
#...#####.######.#.
#...# #.# #.## #5..# #.#
#.#. #.@.# #.######รท#.
######.(.# #.#....#.#.
#........# #.#.##.#.#.
#)######.#####.#.##.#.#.
#.# #.....#...#....##
#.# #.....########## #'#
#.....# ... #.....#
#.....w #.....#


You could see an orc wizard and a friendly crimson imp.

Vanquished Creatures
  4 dart slugs
  2 leopard geckos (D:2)
  An orc (D:2)
  2 bats
  2 kobolds (D:1)
  A quokka (D:2)
  2 goblins
  3 rats
17 creatures vanquished.

Vanquished Creatures (collateral kills)
  4 adders
  3 worms (D:2)
  2 dart slugs (D:2)
  2 orcs (D:2)
  A giant cockroach (D:2)
  A goblin (D:1)
  A hobgoblin (D:2)
  3 kobolds (D:2)
  3 bats (D:2)
  2 rats
22 creatures vanquished.

Grand Total: 39 creatures vanquished

Notes
Turn   | Place    | Note
-------+----------+-------------------------------------------
     0 | D:1      | Error4North the Draconian Wizard began the quest for the
                  | Orb.
     0 | D:1      | Reached XP level 1. HP: 14/14 MP: 4/4
     0 | D:1      | Noticed a felid
     0 | D:1      | Noticed a vampire
     2 | D:1      | Noticed a minotaur
     4 | D:1      | Noticed a minotaur
     6 | D:1      | Noticed a formicid
     7 | D:1      | Noticed a gargoyle
     8 | D:1      | Noticed an ogre
     9 | D:1      | Noticed a draconian
    12 | D:1      | Noticed a centaur
    14 | D:1      | Noticed a naga
    16 | D:1      | Noticed a naga
    16 | D:1      | Noticed a formicid
    18 | D:1      | Noticed a vine stalker
    18 | D:1      | Noticed a spriggan
   407 | D:1      | Reached XP level 2. HP: 17/20 MP: 0/6
   418 | D:1      | Learned a level 2 spell: Blink
   421 | D:1      | Learned a level 2 spell: Call Imp
   424 | D:1      | Learned a level 2 spell: Slow
  1181 | D:2      | Found a burning altar of Makhleb.
  1195 | D:2      | Found an opulent altar of Gozag.
  1195 | D:2      | Found a basalt altar of Yredelemnul.
  1271 | D:2      | Reached skill level 1 in Unarmed Combat
  1317 | D:1      | Reached XP level 3. HP: 3/27 MP: 2/7
  2062 | D:2      | Reached skill level 1 in Fighting
  2082 | D:2      | Found an ornate altar of the Wu Jian Council.
  2082 | D:2      | Found a sacrificial altar of Ru.
  2082 | D:2      | Found a glowing golden altar of the Shining One.
  2256 | D:2      | Reached XP level 4. HP: 35/35 MP: 5/9
  2300 | D:2      | Killed from afar by an orc wizard

Levels and vault maps discovered:
D:1:      shiori_arrival_whats_in_store_for_you, layout_basic
D:2:      layout_basic, gammafunk_temple_overflow_claw,
          grunt_temple_overflow_open, kennysheep_generic_room_6

Skill      XL: |  1  2  3 |
---------------+----------+-----
Stealth        | 2 |  2.3
Unarmed Combat | 1 |  1.6
Fighting       | 1 |  1.2
Dodging        | |  1.9
Spellcasting   | |  3.5
Conjurations   | |  1.0
Summonings     | |  1.5
Translocations | |  1.0

Action                   |  1- 3 |  4- 6 || total
-------------------------+-------+-------++-------
Melee: Unarmed           |   104 |    25 ||   129
       Tailslap          |    10 |     2 ||    12
       Punch             |     1 |       ||     1
 Cast: Magic Dart        |    29 |       ||    29
       Call Imp          |    26 |     4 ||    30
       Slow              |       |     1 ||     1
  Use: Potion            |     2 |     1 ||     3
 Stab: Distracted        |     1 |       ||     1
       Sleeping          |     1 |       ||     1
  Eat: Chunk             |     5 |       ||     5
Armor: Skin              |    25 |     9 ||    34
Dodge: Dodged            |    84 |    22 ||   106

Table legend:
 A = Non-vault XP
 B = Vault XP
 C = Vault XP percentage of total XP
 D = Non-vault monster count
 E = Vault monster count
 F = Vault count percentage of total count
                 A         B        C        D         E       F
            +---------+---------+-------+---------+---------+-------
      Total |      97 |       4 |   4.0 |      38 |       1 |   2.6
            +---------+---------+-------+---------+---------+-------
        D:1 |      28 |       0 |   0.0 |      11 |       0 |   0.0
        D:2 |      69 |       4 |   5.5 |      27 |       1 |   3.6
            +---------+---------+-------+---------+---------+-------
